 Dungeon Crawl Stone Soup version 0.18.1-48-g4cf74bf (console) character file.

995 Kloppie the Poker (level 8, -8/64 HPs)
             Began as a Human Berserker on Aug 16, 2016.
             Was a Priest of Trog.
             Killed by divine providence
             ... invoked by an orc priest
              (14 damage)
             ... on level 5 of the Dungeon.
             The game lasted 00:06:08 (3167 turns).

Kloppie the Poker (Human Berserker)                 Turns: 3167, Time: 00:06:09

Health: -8/64      AC: 12    Str: 18    XL:     8   Next: 42%
Magic:  8/8        EV:  8    Int:  8    God:    Trog [***...]
Gold:   361        SH:  0    Dex: 14    Spells: 0 memorised, 7 levels left

rFire  . . .     SeeInvis .     a - +0 spear
rCold  . . .     Gourm    .     f - +0 chain mail
rNeg   . . .     Faith    .     (no shield)
rPois  .         Spirit   .     (no helmet)
rElec  .         Dismiss  .     x - +0 cloak
rCorr  .         Reflect  .     (no gloves)
SustAt .         Harm     .     n - +0 pair of boots
MR     .....                    (no amulet)
Stlth  ..........               (no ring)
                                (no ring)

@: exhausted, slowed, drained, very slow, not resistant to hostile enchantments,
extremely unstealthy
A: no striking features
a: Berserk, Trog's Hand, Burn Spellbooks, Renounce Religion


You were on level 5 of the Dungeon.
You worshipped Trog.
Trog was most pleased with you.
You were near starving.

You visited 1 branch of the dungeon, and saw 5 of its levels.

You collected 361 gold pieces.

Inventory:

Hand Weapons
 a - a +0 spear (weapon)
Armour
 f - a +0 chain mail (worn)
 n - a +0 pair of boots (worn)
 o - a +2 shield
 x - a +0 cloak (worn)
Jewellery
 d - a +3 ring of strength {unknown}
 A - a +2 ring of evasion {unknown}
Scrolls
 e - 2 scrolls of identify {unknown}
 g - a scroll of enchant armour {unknown}
 h - a scroll of immolation {unknown}
 i - a scroll of teleportation {unknown}
 q - a scroll of blinking {unknown}
 r - a scroll of fog {unknown}
 s - a scroll of random uselessness {unknown}
 t - a scroll of magic mapping {unknown}
 v - a scroll of amnesia {unknown}
 w - 2 scrolls of remove curse {unknown}
 y - a scroll of enchant weapon {unknown}
Potions
 b - 2 potions of flight {unknown}
 m - a potion of degeneration {unknown}
 u - a potion of lignification {unknown}
 z - a potion of heal wounds {unknown}
Comestibles
 c - 4 bread rations
 k - 5 meat rations
 l - 9 fruits


   Skills:
 + Level 6.0(5.8) Fighting
 + Level 6.2(5.9) Polearms
 + Level 5.5(5.2) Armour
 - Level 2.0(1.7) Dodging


You had 7 spell levels left.
You didn't know any spells.

Dungeon Overview and Level Annotations

Branches:
Dungeon (5/15)
 Temple: D:4-7

Altars:
Fedhas
Gozag
Sif Muna
Zin


Message History

You pass out from exhaustion.
You feel yourself slow down.
You are near starving!
The hound bites you but does no damage. x2
The iguana bites you but does no damage.
The hound bites you but does no damage.
The orc priest mumbles some strange prayers to Beogh against you.
Beogh smites you!
* * * LOW HITPOINT WARNING * * *
The orc priest casts a cantrip, but nothing happens.
You can move again.
The hound closely misses you. The iguana barely misses you.
The hound closely misses you.
The orc priest casts a cantrip, but nothing happens.
Drink which item? (? for menu, Esc to quit)
You feel better. The hound bites you but does no damage. The iguana bites you.
* * * LOW HITPOINT WARNING * * *
The orc priest calls down the wrath of Beogh upon you.
Beogh smites you!
You die...

............#
.............#
.............#
..............#
..........<...##
................#
...............###
.............###
..........l@##
.........oh##
##.......{o#
#.......o.##
.........##
.........##
########..#
.....oo.ยง.#
...o.h....#


You could see an iguana, a hound, 2 orc priests and an orc.

Vanquished Creatures
  Grinder (D:3)
  Duvessa (D:4)
  2 ogres (D:4)
  Blork the orc (D:4)
  Dowan (D:4)
  A howler monkey (D:5)
  The ghost of Tagedieb the Sneak, a weakling VSEn (D:3)
  2 hounds (D:4)
  A giant frog skeleton (D:4)
  A worker ant (D:4)
  Natasha (twice) (D:3)
  Robin (D:4)
  2 howler monkey skeletons (D:4)
  2 adders (D:2)
  An ooze (D:4)
  A worm (D:2)
  4 dart slugs
  5 giant geckos
  10 orcs
  4 giant cockroaches
  11 goblins
  11 hobgoblins
  6 jackals
  A quokka (D:3)
  3 ball pythons
  2 bats (D:1)
  3 giant newts
  9 kobolds
  5 rats
  A fungus (D:3)
96 creatures vanquished.

Notes
Turn   | Place    | Note
--------------------------------------------------------------
     0 | D:1      | Kloppie the Human Berserker began the quest for the Orb.
     0 | D:1      | Reached XP level 1. HP: 18/18 MP: 1/1
   105 | D:1      | Reached XP level 2. HP: 24/24 MP: 2/2
   415 | D:1      | Reached ** piety under Trog
   415 | D:1      | Reached XP level 3. HP: 29/29 MP: 3/3
   871 | D:2      | Found a glowing silver altar of Zin.
   896 | D:2      | Reached XP level 4. HP: 36/36 MP: 4/4
  1337 | D:3      | Noticed Grinder
  1363 | D:3      | Killed Grinder
  1363 | D:3      | Reached XP level 5. HP: 43/43 MP: 5/5
  1363 | D:3      | Reached XP level 6. HP: 49/49 MP: 6/6
  1428 | D:3      | Noticed Tagedieb's ghost (weakling VSEn)
  1435 | D:3      | Killed Tagedieb's ghost
  1543 | D:3      | Found a deep blue altar of Sif Muna.
  2028 | D:3      | Noticed Natasha
  2044 | D:3      | Killed Natasha
  2053 | D:3      | Noticed Natasha
  2068 | D:3      | Killed Natasha
  2109 | D:3      | Reached *** piety under Trog
  2109 | D:3      | Reached XP level 7. HP: 53/55 MP: 7/7
  2126 | D:3      | Found a blossoming altar of Fedhas.
  2295 | D:4      | Reached skill level 5 in Polearms
  2365 | D:4      | Found an opulent altar of Gozag.
  2419 | D:4      | Noticed Blork the orc
  2429 | D:4      | Killed Blork the orc
  2429 | D:4      | Reached skill level 5 in Fighting
  2641 | D:4      | Noticed Duvessa
  2641 | D:4      | Noticed Dowan
  2660 | D:4      | Killed Duvessa
  2664 | D:4      | Killed Dowan
  2664 | D:4      | Reached skill level 5 in Armour
  2664 | D:4      | Reached XP level 8. HP: 59/63 MP: 8/8
  2775 | D:4      | Noticed Robin
  2826 | D:4      | Killed Robin
  3126 | D:5      | Entered Level 5 of the Dungeon
  3165 | D:5      | HP: 3/64 [orc priest/divine providence (14)]
  3167 | D:5      | Killed from afar by an orc priest

Skill      XL: |  1  2  3  4  5  6  7  8 |
---------------+-------------------------+-----
Armour         | 3 4 5 |  5.5
Fighting       | 4 5 6 |  6.0
Polearms       | 4 5 6 |  6.2
Dodging        | |  2.0

Action                   |  1- 3 |  4- 6 |  7- 9 || total
-------------------------+-------+-------+-------++-------
Melee: Spear             |   124 |   139 |   195 ||   458
Invok: Berserk           |       |     2 |     6 ||     8
       Trog's Hand       |       |     2 |     4 ||     6
  Use: Potion            |       |       |     2 ||     2
  Eat: Chunk             |       |     6 |     9 ||    15
Armor: Chain mail        |    59 |    53 |   109 ||   221
Dodge: Dodged            |    41 |    42 |    66 ||   149
